 Dungeon Crawl Stone Soup version 0.30-a0-782-ge64f9170bb (webtiles) character file.

Game seed: 17228434230484255426

43 kae the Firebug (level 3, 0/19 HPs)
             Began as a Tengu Fire Elementalist on Mar 3, 2023.
             Slain by Sigmund
             ... wielding a +0 scythe
              (8 damage)
             ... on level 2 of the Dungeon.
             The game lasted 00:01:17 (1374 turns).

kae the Firebug (Tengu Fire Elementalist)           Turns: 1374, Time: 00:01:17

Health: 0/19       AC:  2    Str:  8    XL:     3   Next: 58%
Magic:  3/7        EV: 12    Int: 17    God:
Gold:   57         SH:  0    Dex: 14    Spells: 0/6 levels left

rFire   . . .      SeeInvis .    (no weapon)
rCold   . . .      Faith    .    (no shield)
rNeg    . . .      Spirit   .    a - +0 robe
rPois   .          Reflect  .    (helmet restricted)
rElec   .          Harm     .    (no cloak)
rCorr   .          Rampage  .    (no gloves)
Will    .....                    (boots unavailable)
Stlth   ++                       (no amulet)
HPRegen 0.23/turn                (no ring)
MPRegen 0.10/turn                (no ring)

@: no status effects
A: beak, talons 3
a: no special abilities


You were on level 2 of the Dungeon.
You visited 1 branch of the dungeon, and saw 2 of its levels.

You collected 74 gold pieces.
You spent 17 gold pieces at shops.


Innate Abilities, Weirdness & Mutations

You have a beak for a mouth.
You have claws for feet.


   Skills:
 - Level 2.1 Dodging
 - Level 2.0 Stealth
 + Level 2.3 Spellcasting
 * Level 2.9 Conjurations
 + Level 0.0 Hexes
 * Level 4.0 Fire Magic


You couldn't memorise any spells.
You knew the following spells:

 Your Spells              Type           Power      Damage    Failure   Level
a - Foxfire               Conj/Fire      52%        2x1d6     4%          1
b - Scorch                Fire           30%        2d6       5%          2
c - Inner Flame           Hex/Fire       9%         N/A       24%         3

Your spell library contained the following spells:

 Spells                   Type           Power      Damage    Failure   Level
 Kindle Blastsparks       Fire/Tloc/Air  12%        2d11      32%         3
 Flame Wave               Conj/Fire      13%        2d6       41%         4

Inventory:

Missiles
 k - 9 stones
Armour
 a - a +0 robe (worn)
Scrolls
 c - a scroll of vulnerability {unknown}
 e - a scroll of fog {unknown}
 h - a scroll of teleportation {unknown}
 i - a scroll of immolation {unknown}
 j - a scroll of identify {unknown}
Potions
 b - a potion of magic
 d - 3 potions of haste {@q3}
 f - 2 potions of curing {unknown}
 g - a potion of ambrosia {unknown}

Dungeon Overview and Level Annotations

Branches:
Dungeon (2/15) Zot: 10643

Altars:

Shops:
D:1 *

Annotations:
D:2 Sigmund

#...†.....#
##.######## #.# #.#
##### #.# ##...##
#.# ##.....##
#####.###.......####
..##...##..........#
#.#..........{.@##.#
#.##....##.....###.#
##.###.#.###...##
#.# .........#
###### ###
##.###.#####♣
#♣P♣♣P♣♣## ##.###'##


♣PPPPP#...PPP# ##.##...#♣#P.PPP..÷..PP# ...#....##.P..#......÷####
###.....#♣P...#...§...)..# There were no monsters in sight!


Message History

There is an escape hatch in the floor here.
There is an open door here.
There is a stone staircase leading down here.
You climb downwards.
Level annotation: Sigmund
There is a stone staircase leading up here.
You climb upwards.
There is a stone staircase leading down here.
There is a stone staircase leading down here.
You climb downwards.
Level annotation: Sigmund
There is a stone staircase leading up here.
Okay, then.
You now have 44 gold pieces (gained 7).
f - 2 puce potions A ball python comes into view.
A ball python is nearby!
A ball python is nearby!
A ball python is nearby!
Casting: Foxfire (safe; 4% risk of failure)
Confirm with . or Enter, or press ? or * to list all spells.
You conjure some foxfire!
The foxfire hits the ball python.
You kill the ball python! 😎 MP[-1]
You lost 1 mp, and now have 6/7 mp.
Casting: Foxfire (safe; 4% risk of failure)
Confirm with . or Enter, or press ? or * to list all spells.
You can't see any susceptible monsters within range! (Use Z to cast anyway.)
You see here a ball python corpse.
A giant cockroach comes into view. 😎 MP[+1]
Your mp is fully restored (7).
A giant cockroach is nearby!
A giant cockroach is nearby!
A giant cockroach is nearby!
Casting: Foxfire (safe; 4% risk of failure)
Confirm with . or Enter, or press ? or * to list all spells.
You conjure some foxfire!
The foxfire hits the giant cockroach but does no damage. x2 😎 MP[-1]
You lost 1 mp, and now have 6/7 mp.
Casting: Foxfire (safe; 4% risk of failure)
Confirm with . or Enter, or press ? or * to list all spells.
You conjure some foxfire!
The foxfire hits the giant cockroach but does no damage.
The foxfire hits the giant cockroach.
A giant cockroach is nearby!
Casting: Foxfire (safe; 4% risk of failure)
Confirm with . or Enter, or press ? or * to list all spells.
You conjure some foxfire!
The foxfire hits the giant cockroach.
You kill the giant cockroach!
You now have 57 gold pieces (gained 13). 😎 MP[+1]
Your mp is fully restored (7).
Sigmund is nearby!
Sigmund is nearby!
Sigmund is nearby!
Casting: Foxfire (safe; 4% risk of failure)
Confirm with . or Enter, or press ? or * to list all spells.
You conjure some foxfire!
Sigmund shouts!
The foxfire hits Sigmund. x2 😎 MP[-1]
You lost 1 mp, and now have 6/7 mp.
Casting: Foxfire (safe; 4% risk of failure)
Confirm with . or Enter, or press ? or * to list all spells.
You conjure some foxfire!
Sigmund gestures at you while chanting. The puff of flame hits you.
The foxfire hits Sigmund but does no damage.
The foxfire hits Sigmund. 😕 HP[-3] MP[-1]
You take 3 damage, and now have 16/19 hp.
You lost 1 mp, and now have 5/7 mp.
Casting: Foxfire (safe; 4% risk of failure)
Confirm with . or Enter, or press ? or * to list all spells.
You conjure some foxfire!
The foxfire hits Sigmund. x2; Sigmund barely misses you. 😕 HP[+1] MP[-1]
You lost 1 mp, and now have 4/7 mp.
Casting: Foxfire (safe; 4% risk of failure)
Confirm with . or Enter, or press ? or * to list all spells.
You conjure some foxfire!
Sigmund hits you from afar with a +0 scythe!
* * * LOW HITPOINT WARNING * * *
The foxfire hits Sigmund. x2 😨 HP[-9] MP[-1]
You take 9 damage, and now have 8/19 hp.
MASSIVE DAMAGE!! (PAUSE)
You lost 1 mp, and now have 3/7 mp.
Casting: Foxfire (safe; 4% risk of failure)
Confirm with . or Enter, or press ? or * to list all spells.
You conjure some foxfire!
Sigmund mumbles some strange words.
Sigmund flickers and vanishes!
Deactivating autopickup; reactivate with Ctrl-A.
The foxfire hits something. x2; Something hits you!
You die...

Skill      XL: |  1  2  3 |
---------------+----------+-----
Conjurations   | 2 |  2.9
Fire Magic     | 4 |  4.0
Dodging        | |  2.1
Stealth        | |  2.0
Spellcasting   | |  2.3

Action                     || total
---------------------------++-------
  Melee: Unarmed           ||    13
         Kick              ||     4
         Peck              ||     2
   Cast: Foxfire           ||    60
    Use: Potion            ||     2
 Armour: Robe              ||     6
  Dodge: Dodged            ||    38

Levels and vault maps discovered:
D:1:      shiori_arrival_whats_in_store_for_you, layout_basic, serial_shops,
          shop, dk_noncrumbling_3
D:2:      layout_loops_corners, serial_shops, shop_coins,
          basic_ecumenical_altar, basic_altar, minivault_25,
          lexackson_kobold_supper, uniq_sigmund

Notes
Turn   | Place    | Note
-------+----------+-------------------------------------------
     0 | D:1      | kae the Tengu Fire Elementalist began the quest for the
                  | Orb.
     0 | D:1      | Reached XP level 1. HP: 10/10 MP: 4/4
     0 | D:1      | magus.rc [v1.11.3]
     4 | D:1      | Noticed a demonspawn zombie
   231 | D:1      | Reached skill level 2 in Conjurations
   231 | D:1      | Reached XP level 2. HP: 11/15 MP: 4/6
   649 | D:1      | Found Axiall's Assorted Antiques.
   653 | D:1      | Bought a golden potion for 17 gold pieces
   834 | D:2      | HP: 3/15 [kobold/+0 dagger (3)]
  1002 | D:2      | Reached XP level 3. HP: 16/19 MP: 3/7
  1005 | D:2      | Learned a level 2 spell: Scorch
  1009 | D:2      | Learned a level 3 spell: Inner Flame
  1081 | D:2      | Reached skill level 4 in Fire Magic
  1089 | D:2      | Noticed Sigmund
  1374 | D:2      | Slain by Sigmund

Vanquished Creatures
  An adder (D:2)
  A dart slug (D:1)
  3 endoplasms
  A giant cockroach (D:2)
  2 hobgoblins
  4 jackals
  7 kobolds (D:2)
  A quokka (D:1)
  4 ball pythons
  A frilled lizard (D:2)
  5 rats
30 creatures vanquished.

Vanquished Creatures (others)
  100 foxfires
  9 plants (D:2)
109 creatures vanquished.

Grand Total: 139 creatures vanquished

Table legend:
 A = Non-vault XP
 B = Vault XP
 C = Vault XP percentage of total XP
 D = Non-vault monster count
 E = Vault monster count
 F = Vault count percentage of total count
                 A         B        C        D         E       F
            +---------+---------+-------+---------+---------+-------
      Total |      51 |      11 |  17.7 |      22 |       8 |  26.7
            +---------+---------+-------+---------+---------+-------
        D:1 |      20 |       0 |   0.0 |      11 |       0 |   0.0
        D:2 |      31 |      11 |  26.2 |      11 |       8 |  42.1
            +---------+---------+-------+---------+---------+-------

Illustrated notes

Table legend:
 A = Kills in this place as a percentage of kills in entire the game.
 B = Kills by you in this place as a percentage of kills by you in the entire game.
 C = Kills by friends in this place as a percentage of kills by friends in the entire game.
 D = Other kills in this place as a percentage of other kills in the entire game.
 E = Experience gained in this place as a percentage of experience gained in the entire game.
 F = Experience gained in this place divided by the number of levels of this place that you have seen.
                   A       B       C       D       E      F
               +-------+-------+-------+-------+-------+----------------------
         Total | 100.0 | 100.0 |   N/A |   N/A | 100.0 |  31.0
       Dungeon | 100.0 | 100.0 |   N/A |   N/A | 100.0 |  31.0
               +-------+-------+-------+-------+-------+----------------------

Table legend: (Time is in decaauts)
 A = Elapsed time spent in this place.
 B = Non-inter-level travel time spent in this place.
 C = Inter-level travel time spent in this place.
 D = Time resting spent in this place.
 E = Time spent auto-exploring this place.
 F = Levels seen in this place.
 G = Mean time per level.
                   A        B        C        D        E       F      G
               +--------+--------+--------+--------+--------+-----+--------+
         Total |   1355 |   1320 |     35 |     42 |   1063 |   2 |  677.5 |
       Dungeon |   1355 |   1320 |     35 |     42 |   1063 |   2 |  677.5 |
               +--------+--------+--------+--------+--------+-----+--------+

Top non-repeatable levels by time:
     D:1: 825 daAuts
     D:2: 530 daAuts
